 Dungeon Crawl Stone Soup version 0.31-a0-1028-g8808d95 (webtiles) character file.

Game seed: 4295900168272969605

78 PurpleRed the Slasher (level 4, -3/28 HPs)
             Began as a Deep Elf Fighter on Nov 18, 2023.
             Slain by a gnoll
             ... wielding a +0 flail
              (5 damage)
             ... on level 3 of the Dungeon.
             The game lasted 00:03:48 (1918 turns).

PurpleRed the Slasher (Deep Elf Fighter)            Turns: 1918, Time: 00:03:48

Health: -3/28      AC:  7    Str: 13    XL:     4   Next: 15%
Magic:  6/6        EV:  8    Int: 13    God:
Gold:   135        SH:  5    Dex: 16    Spells: 3/3 levels left

rFire   . . .        a - +0 long sword
rCold   . . .        c - +0 buckler
rNeg    . . .        b - +0 scale mail
rPois   .            j - +0 helmet
rElec   .            (no cloak)
rCorr   .            (no gloves)
SInv    .            (no boots)
Will    .....        (no amulet) Stlth
                     (no ring)
HPRegen 0.24/turn    (no ring)
MPRegen 0.10/turn

%: no passive effects
@: mighty
A: no striking features
a: no special abilities


You were on level 3 of the Dungeon.
You visited 1 branch of the dungeon, and saw 3 of its levels.

You collected 135 gold pieces.

Inventory:

Hand Weapons
 a - a +0 long sword (weapon)
Missiles
 n - 3 silver javelins
 o - 4 poisoned darts
Armour
 b - a +0 scale mail (worn)
 c - a +0 buckler (worn)
 j - a +0 helmet (worn)
Scrolls
 e - a scroll of fear {unknown}
 g - a scroll of identify {unknown}
 l - 2 scrolls of immolation {unknown}
Potions
 d - a potion of might
 f - a potion of curing
 h - 2 potions of resistance {unknown}
 i - a potion of heal wounds {unknown}
 k - a potion of brilliance {unknown}
 m - a potion of mutation {unknown}
 p - a potion of lignification {unknown}


   Skills:
 + Level 3.0 Fighting
 * Level 3.3 Long Blades
 - Level 2.4 Armour
 + Level 1.2 Dodging
 - Level 2.4 Shields


You had 3 spell levels left.
You didn't know any spells.
Your spell library contained the following spells:

 Spells                   Type           Power      Damage    Failure   Level
 Shock                    Conj/Air       0%         1d3       89%         1
 Summon Small Mammal      Summ           0%         N/A       89%         1
 Blink                    Tloc           0%         N/A       96%         2
 Lesser Beckoning         Tloc           0%         N/A       96%         2
 Momentum Strike          Conj/Tloc      0%         3d8       96%         2
 Call Canine Familiar     Summ           0%         N/A       99%         3
 Summon Guardian Golem    Hex/Summ       0%         N/A       99%         3
 Swiftness                Air            0%         N/A       99%         3
 Tukima's Dance           Hex            0%         N/A       99%         3
 Airstrike                Air            0%         2d(0-16)  100%        4
 Anguish                  Hex/Necr       0%         N/A       100%        4
 Cause Fear               Hex            0%         N/A       100%        4
 Dimensional Bullseye     Hex/Tloc       0%         N/A       100%        4
 Iskenderun's Mystic Bla  Conj/Tloc      0%         2d3       100%        4
 Enfeeble                 Hex            0%         N/A       100%        7


Dungeon Overview and Level Annotations

Branches:
Dungeon (3/15)

Altars:


Message History

You add the spells Summon Small Mammal, Call Canine Familiar and Summon Guardian Golem to your library.
A gnoll comes into view. It is wielding a +0 spear.
The gnoll shouts!
You hear a shout!
A gnoll comes into view. It is wielding a +0 flail.
An orc comes into view. It is wielding a +0 falchion.
The gnoll attacks as it pursues you! The gnoll barely misses you.
The gnoll attacks as it pursues you! The gnoll completely misses you.
The gnoll attacks as it pursues you! The gnoll closely misses you.
The gnoll attacks as it pursues you!
The gnoll hits you from afar with a +0 spear.
The gnoll hits you with a +0 spear.
You hit the gnoll but do no damage. The gnoll hits you with a +0 spear.
You barely miss the gnoll. The gnoll hits you with a +0 spear.
You hit the gnoll.
The gnoll is lightly wounded.
The gnoll completely misses you.
You barely miss the gnoll.
The gnoll is lightly wounded.
The gnoll hits you with a +0 spear. You block the gnoll's attack.
The gnoll barely misses you.
You slash the gnoll!
The gnoll is almost dead.
The gnoll barely misses you. The gnoll hits you with a +0 flail.
You barely miss the gnoll.
The gnoll is almost dead.
The gnoll hits you but does no damage. The gnoll hits you with a +0 flail.
You hit the gnoll but do no damage.
The gnoll is almost dead.
The gnoll hits you with a +0 spear. The gnoll hits you with a +0 flail!
* * * LOW HITPOINT WARNING * * *
You block the gnoll's attack.
It was a potion of curing.
You feel better. You block the gnoll's attack. x2
You feel very mighty all of a sudden. You block the gnoll's attack.
The gnoll barely misses you.
You slice the gnoll!!
You kill the gnoll!
The gnoll hits you with a +0 flail!
* * * LOW HITPOINT WARNING * * *
The gnoll hits you with a +0 flail.
You die...

# #................ #
#..o............. #
#................ #
#................ #
#................ #
#................ #
#................ ######
#######)............... .....#
#.....@g.....†......... .....####
#......................
........##.......................
...............##................
............... #................
............... #................
............... #................
...........#.## #................
............. ...............


You could see a gnoll and an orc (wandering).

Vanquished Creatures
  2 gnolls
  An adder (D:2)
  2 worms (D:2)
  An orc (D:3)
  4 bats
  8 endoplasms
  3 giant cockroaches (D:1)
  4 goblins
  6 hobgoblins
  6 ball pythons
  5 frilled lizards
  3 kobolds
  6 rats
51 creatures vanquished.

Notes
Turn   | Place    | Note
-------+----------+-------------------------------------------
     0 | D:1      | PurpleRed the Deep Elf Fighter began the quest for the Orb.
     0 | D:1      | Reached XP level 1. HP: 13/13 MP: 3/3
   104 | D:1      | Reached XP level 2. HP: 18/18 MP: 4/4
   548 | D:2      | Reached XP level 3. HP: 15/22 MP: 5/5
  1443 | D:2      | Reached skill level 1 in Dodging
  1573 | D:3      | Reached XP level 4. HP: 28/28 MP: 6/6
  1918 | D:3      | Slain by a gnoll

Illustrated notes

Levels and vault maps discovered:
D:1:      eino_arrival_water_star, layout_rooms, minmay_misc_feat_roman
D:2:      layout_basic, minmay_indecisive_spiral
D:3:      minmay_wonky_spiral, layout_basic, grunt_ministairs_11

Skill      XL: |  1  2  3 |
---------------+----------+-----
Long Blades    | 2 3 |  3.3
Fighting       | 3 |  3.0
Dodging        | 1 |  1.2
Armour         | |  2.4
Shields        | |  2.4

Action                     |  1- 3 |  4- 6 || total
---------------------------+-------+-------++-------
  Melee: Long sword        |   117 |    27 ||   144
    Use: Potion            |       |     2 ||     2
 Armour: Scale mail        |    74 |    23 ||    97
  Dodge: Dodged            |    47 |    14 ||    61
  Block: Buckler           |    24 |    10 ||    34

Table legend: (Time is in decaauts)
 A = Elapsed time spent in this place.
 B = Non-inter-level travel time spent in this place.
 C = Inter-level travel time spent in this place.
 D = Time resting spent in this place.
 E = Time spent auto-exploring this place.
 F = Levels seen in this place.
 G = Mean time per level.
                   A        B        C        D        E       F      G
               +--------+--------+--------+--------+--------+-----+--------+
         Total |   1962 |   1939 |     23 |     56 |   1340 |   3 |  654.0 |
       Dungeon |   1962 |   1939 |     23 |     56 |   1340 |   3 |  654.0 |
               +--------+--------+--------+--------+--------+-----+--------+

Top non-repeatable levels by time:
     D:2: 1147 daAuts
     D:1: 452 daAuts
     D:3: 362 daAuts
